 Dungeon Crawl Stone Soup version 0.29.1-12-g30fa7ad0bf (webtiles) character file.

Game seed: 5607796957989541293

1687 ThatPearl the Trooper (level 8, 0/65 (67) HPs)
             Began as a Demonspawn Berserker on Jan 11, 2023.
             Was an Elder of Trog.
             Slain by a wight
             ... wielding a +4 halberd
              (10 damage)
             ... on level 6 of the Dungeon.
             The game lasted 00:09:30 (6543 turns).

ThatPearl the Trooper (Demonspawn Berserker)        Turns: 6543, Time: 00:09:31

HP:   0/65 (67)     AC:  9    Str: 25    XL:     8   Next: 71%
MP:   8/8           EV: 13    Int: 10    God:    Trog [****..]
Gold: 296           SH:  0    Dex: 18    Spells: 7/7 levels left

rFire   + . .      SeeInvis .   a - +2 battleaxe (venom)
rCold   + . .      Faith    .   (shield currently unavailable)
rNeg    . . .      Spirit   .   n - +0 ring mail
rPois   .          Reflect  .   (helmet restricted)
rElec   .          Harm     .   h - scarf {rC+ rF+}
rCorr   .          Rampage  .   G - +0 pair of gloves
Will    .....                   l - +0 pair of boots
Stlth   +.........              (no amulet)
HPRegen 2.20/turn               j - +6 ring of strength
MPRegen 0.11/turn               m - +6 ring of dexterity

@: marked, lightly drained
A: horns 2, molten scales 1, powered by death 1
a: Renounce Religion, Berserk, Trog's Hand, Brothers in Arms


You were on level 6 of the Dungeon.
You worshipped Trog.
Trog was greatly pleased with you.
You visited 1 branch of the dungeon, and saw 6 of its levels.

You collected 296 gold pieces.

Inventory:

Hand Weapons
 a - a +2 battleaxe of venom (weapon)
 b - a +6 shortbow of flaming
 g - a +3 dagger
 k - a +2 antimagic hand axe
 t - a +2 arbalest of freezing
 C - a +2 antimagic halberd
Missiles
 e - 71 stones (quivered)
 F - 4 poisoned darts
Armour
 h - a scarf of resistance (worn)
 l - a +0 pair of boots (worn)
 n - a +0 ring mail (worn)
 E - a +1 plate armour of cold resistance
 G - a +0 pair of gloves (worn)
Jewellery
 j - a +6 ring of strength (left hand)
 m - a +6 ring of dexterity (right hand)
 B - a ring of protection from fire
Scrolls
 c - 6 scrolls of identify {unknown}
 i - 4 scrolls of noise {unknown}
 q - a scroll of amnesia {unknown}
 s - 2 scrolls of magic mapping {unknown}
 u - 3 scrolls of fog {unknown}
 v - 4 scrolls of teleportation {unknown}
 w - 3 scrolls of poison {unknown}
 y - 2 scrolls of enchant weapon {unknown}
 D - a scroll of brand weapon {unknown}
 I - a scroll of enchant armour {unknown}
Potions
 d - 3 potions of heal wounds {unknown}
 f - a potion of invisibility {unknown}
 o - a potion of magic {unknown}
 p - a potion of might {unknown}
 r - a potion of haste {unknown}
 x - 2 potions of attraction {unknown}
 z - a potion of mutation {unknown}
 A - a potion of curing {unknown}
 H - a potion of cancellation {unknown}


   Skills:
 * Level 7.2 Fighting
 * Level 6.5 Axes
 + Level 3.6 Ranged Weapons
 + Level 2.5 Armour
 - Level 4.0 Dodging


You had 7 spell levels left.
You didn't know any spells.
Your spell library was empty.

Dungeon Overview and Level Annotations

Branches:
Dungeon (6/15)
 Temple: D:4-7

Altars:
Kikubaaqudgha
Trog
Wu Jian

Shops:
D:2 (


Innate Abilities, Weirdness & Mutations

You have a pair of horns on your head.
You are partially covered in molten scales. (AC +2)
You regenerate a little health from kills.


Message History

You hit the orc.
The orc is poisoned.
You slash the orc!
You kill the orc!
Trog accepts your kill.
A wight comes into view. It is wielding a +0 long sword.
The orc closely misses you. The wight barely misses you.
You slash the orc!
You kill the orc!
Trog accepts your kill.
You closely miss the wight.
The orc priest invokes the aid of Beogh against you.
Pain shoots through your body!
The wight hits you with a +0 great sword!
You feel drained.
A wight comes into view. It is wielding a +4 halberd.
A wight comes into view. It is wielding a +3 short sword.
The orc priest hits you but does no damage.
The wight closely misses you.
Things that are here:
a +0 flail; an orc corpse You closely miss the orc priest.
You barely miss the wight.
The wight hits you with a +0 great sword!
* * * LOW HITPOINT WARNING * * *
You feel drained.
* * * LOW HITPOINT WARNING * * *
The orc priest closely misses you. The orc priest barely misses you.
The wight hits you with a +0 great sword.
* * * LOW HITPOINT WARNING * * *
You slash the orc priest!
The orc priest is poisoned.
Your headbutt misses the orc priest.
The orc priest is heavily wounded.
You slash the wight!
You destroy the wight!
Trog accepts your kill. The orc priest barely misses you.
A howler monkey zombie comes into view.
You slash the orc priest!
You kill the orc priest!
Trog accepts your kill.
The wight hits you from afar with a +4 halberd!
You die...

#.# ###### #.# #...
#.# ######.## #...
#.# ###.......# #...
#.# #.........# #...
#.# #.#.......# ####
#.# #.#.......# #.#
#.#.......# #.#
#####)#.......# #.#
#.zzz@........# #.#
#z.##)#.......# #.#
#.Z##.######.## #.#
# ###..##.# ...# #.#
#.#8#..##.# ...# #.#
#.#....##.### # #.#
#......##...#
###.######.........#
#..................#


You could see 4 wights.

Vanquished Creatures
  A steam dragon (D:4)
  3 black bears
  2 ogres
  A centaur (D:5)
  A kobold brigand (D:4)
  3 phantoms
  2 scorpions
  A wight (D:6)
  5 hounds
  An orc priest (D:6)
  A jelly (D:5)
  5 iguanas
  An orc wizard (D:6)
  Robin (D:3)
  3 adders
  4 gnolls
  A white imp (D:5)
  2 ufetubi
  3 worms
  2 dart slugs
  14 orcs
  15 ball pythons
  3 bats
  A bat zombie (D:3)
  10 endoplasms
  15 giant cockroaches
  8 hobgoblins
  12 jackals
  5 quokkas
  4 frilled lizards
  10 goblins
  15 kobolds
  4 rats
159 creatures vanquished.

Notes
Turn   | Place    | Note
-------+----------+-------------------------------------------
     0 | D:1      | ThatPearl the Demonspawn Berserker began the quest for the
                  | Orb.
     0 | D:1      | Reached XP level 1. HP: 18/18 MP: 1/1
    74 | D:1      | Gained mutation: You have a pair of small horns on your
                  | head. [demonic ancestry]
    74 | D:1      | Reached XP level 2. HP: 11/24 MP: 2/2
   678 | D:1      | Found a faded altar of an unknown god.
   893 | D:1      | Gained mutation: You have a pair of horns on your head.
                  | [demonic ancestry]
   893 | D:1      | Reached XP level 3. HP: 29/29 MP: 3/3
  1362 | D:2      | Reached ** piety under Trog
  1998 | D:2      | Reached XP level 4. HP: 36/37 MP: 4/4
  2008 | D:2      | Identified the amulet of Feextoby {Faith Harm Will+ MP-9}
  2080 | D:2      | Reached skill level 4 in Fighting
  2251 | D:2      | Found Miade's Antique Weapon Boutique.
  2385 | D:3      | Noticed Robin
  2394 | D:3      | Killed Robin
  2394 | D:3      | Reached *** piety under Trog
  2395 | D:3      | Reached XP level 5. HP: 24/42 MP: 5/5
  2762 | D:3      | Found an ancient bone altar of Kikubaaqudgha.
  3023 | D:3      | Found an ornate altar of the Wu Jian Council.
  3104 | D:3      | Noticed a black bear
  3110 | D:3      | Killed a black bear
  3111 | D:3      | Reached skill level 1 in Ranged Weapons
  3802 | D:4      | Reached XP level 6. HP: 44/50 MP: 6/6
  3931 | D:4      | Noticed a steam dragon
  3944 | D:4      | Killed a steam dragon
  3945 | D:4      | Reached skill level 5 in Fighting
  4058 | D:4      | Gained mutation: You are partially covered in molten
                  | scales. (AC +2) [demonic ancestry]
  4058 | D:4      | Reached XP level 7. HP: 50/56 MP: 7/7
  4291 | D:4      | Found a bloodstained altar of Trog.
  4302 | D:4      | Reached skill level 5 in Axes
  4811 | D:5      | Entered Level 5 of the Dungeon
  5225 | D:5      | Reached **** piety under Trog
  5227 | D:5      | Reached skill level 6 in Fighting
  5468 | D:5      | Gained mutation: You regenerate a little health from kills.
                  | [demonic ancestry]
  5468 | D:5      | Reached XP level 8. HP: 52/64 MP: 8/8
  6529 | D:6      | Reached skill level 7 in Fighting
  6543 | D:6      | Slain by a wight

Illustrated notes

Levels and vault maps discovered:
D:1:      psy_arrival_wood_between_worlds, layout_basic,
          ebering_ecumenical_altar_sacrificial
D:2:      minmay_roachtagon, layout_basic, serial_shops, shop,
          grunt_decor_one_mirror
D:3:      layout_basic, nicolae_wu_jian_wuxing_cycle,
          lemuel_zombie_altar_kikubaaqudgha, uniq_robin
D:4:      layout_basic, trog_antimagical
D:5:      layout_cave_pods
D:6:      layout_basic, lemuel_mausoleum_altar_yredelemnul

Skill      XL: |  1  2  3  4  5  6  7  8 |
---------------+-------------------------+-----
Armour         | 2 |  2.5
Axes           | 3 4 5 6 |  6.5
Fighting       | 4 5 6 7 |  7.2
Dodging        | 2 3 4 |  4.0
Ranged Weapons | 1 2 3 |  3.6

Action                   |  1- 3 |  4- 6 |  7- 9 || total
-------------------------+-------+-------+-------++-------
Melee: Hand axe          |   120 |   138 |    41 ||   299
       Headbutt          |    10 |    34 |    16 ||    60
       Battleaxe         |       |       |    58 ||    58
 Fire: Shortbow          |       |       |     8 ||     8
Invok: Berserk           |     1 |     2 |     1 ||     4
 Stab: Sleeping          |     3 |       |       ||     3
Armor: Animal skin       |    28 |       |       ||    28
       Ring mail         |    13 |    42 |    34 ||    89
Dodge: Dodged            |    99 |    89 |    98 ||   286
